 Dungeon Crawl Stone Soup version 0.27.0-1-g7a089689b8 (webtiles) character file.

Game seed: 7840212154842115678

1990 Malachi the Insei (level 9, -3/80 HPs)
             Began as a Gnoll Transmuter on Aug 15, 2021.
             Was a Believer of Okawaru.
             Slain by a boulder beetle (25 damage)
             ... on level 9 of the Dungeon.
             The game lasted 00:19:02 (10906 turns).

Malachi the Insei (Gnoll Transmuter)               Turns: 10906, Time: 00:19:02

Health: -3/80      AC:  7    Str:  9    XL:     9   Next: 21%
Magic:  15/18      EV: 13    Int: 15    God:    Okawaru [**....]
Gold:   377        SH:  0    Dex: 20    Spells: 12/21 levels left

rFire    x . .     SeeInvis .     - Unarmed
rCold    + + +     Faith    .   (shield currently unavailable)
rNeg     . . .     Spirit   .   (armour currently unavailable)
rPois    +         Reflect  .   (helmet currently unavailable)
rElec    .         Harm     .   (cloak currently unavailable)
rCorr    .         Rampage  .   (gloves currently unavailable)
Will     .....                  (boots currently unavailable)
Stlth    +++.......             (no amulet)
HPRegen  0.23/turn              e - ring of wizardry
MPRegen  0.16/turn              q - +6 ring of dexterity

@: ice-form
A: freezing attack, amphibious, boosted hp, large, (fangs 1), strong nose,
distributed training
a: End Transformation, Renounce Religion, Heroism


You were on level 9 of the Dungeon.
You worshipped Okawaru.
Okawaru was pleased with you.
You were a creature of crystalline ice.
You visited 2 branches of the dungeon, and saw 10 of its levels.

You collected 377 gold pieces.

Inventory:

Hand Weapons
 a - a +2 vorpal shortbow (melded)
 c - a +3 vampiric dagger
Missiles
 g - 104 arrows
 y - a curare-tipped dart
Armour
 h - a +0 cloak (melded)
 w - a +1 helmet (melded)
 x - +1 steam dragon scales (melded)
Jewellery
 e - a ring of wizardry (left front paw)
 p - a ring of resist corrosion
 q - a +6 ring of dexterity (right front paw)
Wands
 m - a wand of digging (6)
 v - a wand of iceblast (15)
Scrolls
 b - 3 scrolls of enchant armour
 f - a scroll of enchant weapon
 n - 4 scrolls of identify
 t - 2 scrolls of teleportation
Potions
 d - 2 potions of cancellation {unknown}
 i - a potion of magic {unknown}
 j - 2 potions of ambrosia {unknown}
 k - a potion of mutation {unknown}
 l - a potion of degeneration {unknown}
 s - 4 potions of might {unknown}
 u - a potion of invisibility {unknown}


   Skills:
 + Level 4.8 Fighting
 + Level 4.0 Short Blades
 + Level 4.0 Long Blades
 + Level 4.0 Axes
 + Level 4.0 Maces & Flails
 + Level 4.0 Polearms
 + Level 4.0 Staves
 + Level 4.0 Slings
 + Level 4.0 Bows
 + Level 4.0 Crossbows
 + Level 4.0 Throwing
 + Level 4.0 Armour
 + Level 6.1 Dodging
 + Level 4.0 Stealth
 + Level 4.0 Shields
 + Level 7.7 Unarmed Combat
 + Level 6.5 Spellcasting
 + Level 3.3 Conjurations
 + Level 3.3 Hexes
 + Level 3.3 Summonings
 + Level 3.3 Necromancy
 + Level 3.3 Translocations
 + Level 5.1 Transmutations
 + Level 3.3 Fire Magic
 + Level 3.3 Ice Magic
 + Level 3.3 Air Magic
 + Level 3.3 Earth Magic
 + Level 3.3 Poison Magic
 + Level 4.4 Invocations
 + Level 4.0 Evocations


You had 12 spell levels left.
You knew the following spells:

 Your Spells              Type           Power      Damage    Failure   Level
a - Ensorcelled Hibernat  Hex/Ice        28%        N/A       2%          2
b - Spider Form           Tmut/Pois      8%         N/A       3%          3
c - Ice Form              Ice/Tmut       17%        N/A       10%         4

Your spell library contained the following spells:

 Spells                   Type           Power      Damage    Failure   Level
 Beastly Appendage        Tmut           40%        N/A       1%          1
 Corona                   Hex            15%        N/A       1%          1
 Magic Dart               Conj           56%        1d5       1%          1
 Summon Small Mammal      Summ           56%        N/A       1%          1
 Wereblood                Tmut           20%        N/A       1%          2
 Searing Ray              Conj           28%        3d4       2%          2
 Ignite Poison            Fire/Tmut/Pois 16%        N/A       3%          3
 Call Canine Familiar     Summ           14%        N/A       4%          3
 Conjure Flame            Conj/Fire      14%        6-21      4%          3
 Gell's Gravitas          Tloc           7%         N/A       4%          3
 Lesser Beckoning         Tloc           7%         N/A       4%          3
 Portal Projectile        Hex/Tloc       28%        N/A       4%          3
 Stone Arrow              Conj/Erth      28%        3d8       4%          3
 Summon Guardian Golem    Hex/Summ       14%        N/A       4%          3
 Teleport Other           Tloc           14%        N/A       4%          3
 Tukima's Dance           Hex            14%        N/A       4%          3
 Fulminant Prism          Conj/Hex       7%         3d7       14%         4
 Leda's Liquefaction      Hex/Erth       7%         N/A       14%         4
 Sticky Flame             Conj/Fire      14%        2d4       14%         4
 Blade Hands              Tmut           10%        N/A       19%         5
 Bolt of Magma            Conj/Fire/Erth 7%         4d6       36%         5
 Orb of Destruction       Conj           7%         9d3       100%        7
 Spellforged Servitor     Conj/Summ      7%         N/A       100%        7
 Necromutation            Tmut/Necr      8%         N/A       100%        8
 Shatter                  Erth           7%         3d9*      100%        9


Dungeon Overview and Level Annotations

Branches:
Dungeon (9/15)             Temple (1/1) D:5
   Lair: D:8-11         Orc: D:9-12

Altars:
Ashenzari
Cheibriados
Dithmenos
Elyvilon
Fedhas
Hepliaklqana
Kikubaaqudgha
Makhleb
Nemelex Xobeh
Okawaru
Qazlal
Ru
Sif Muna
Trog
Uskayaw
Vehumet
Wu Jian
Xom
Yredelemnul
Zin
The Shining One

Shops:
D:5 =   D:8 !

Annotations:
D:7 1 transporter


Innate Abilities, Weirdness & Mutations

You are a creature of crystalline ice.
You have a powerful freezing melee attack.
You are amphibious.
Your maximum health is increased.
Your armour is entirely melded.
You are incapable of wielding weapons or throwing items.
((You have very sharp teeth.))
Your uncanny sense of smell can sniff out nearby items.
Your experience applies equally to all skills.


Message History

You shoot an arrow. The arrow hits the orc wizard.
The orc wizard is severely wounded.
Unknown command.
Fire: 107 arrows
Press: ? - help, Q - select action, (/) - cycle Shift-Dir - straight line, f/p - orc wizard
Aim: an orc wizard, wielding a +0 dagger and wearing a +0 leather armour (severely wounded, 62% to hit)
You shoot an arrow.
The arrow closely misses the orc wizard.
A boulder beetle comes into view.
Fire: 106 arrows
Press: ? - help, Q - select action, (/) - cycle Shift-Dir - straight line, f/p - orc wizard
Aim: an orc wizard, wielding a +0 dagger and wearing a +0 leather armour (severely wounded, 62% to hit)
You shoot an arrow.
The arrow hits the orc wizard but does no damage.
The orc wizard is severely wounded.
The boulder beetle leaps!
Unknown command.
Fire: 105 arrows
Press: ? - help, Q - select action, (/) - cycle Shift-Dir - straight line, f/p - orc wizard
Aim: an orc wizard, wielding a +0 dagger and wearing a +0 leather armour (severely wounded, 62% to hit)
You shoot an arrow. The arrow hits the orc wizard.
You kill the orc wizard!
Okawaru accepts your kill.
The boulder beetle curls into a ball and begins rolling!
Casting: Ice Form (dangerous; 10% risk of failure)
Confirm with . or Enter, or press ? or * to list all spells.
You turn into a creature of crystalline ice.
Your +2 vorpal shortbow melds into your body.
Your +0 cloak melds into your body.
Your +1 helmet melds into your body.
Your +1 steam dragon scales melds into your body.
The boulder beetle hits you!!!
Ouch! That really hurt!
The boulder beetle stops rolling and uncurls.
Unknown command.
You hit the boulder beetle but do no damage.
The boulder beetle bites you!
* * * LOW HITPOINT WARNING * * *
The boulder beetle curls into a ball and begins rolling!
The boulder beetle hits you!!
You die...

∆∆
#..#############
#..............#
#..............#
#..............#
#........<.....#
∆∆∆
#............).#
#..............#
#.......(......#
# Y#
#..°○BY.....>..#
( D. ∆
#.°............#
♣°..
#.##############
♣.♣. #.# ♣((.
#.# .|.. #.#
#..°#######.#
..!.°°B..○..#
#......######


You could see a boulder beetle (rolling).

Vanquished Creatures
  2 wyverns (D:8)
  A steam dragon (D:7)
  A water moccasin (D:8)
  An orc warrior (D:8)
  A sky beast (D:8)
  A black bear (D:3)
  A centaur (D:4)
  2 phantoms
  2 kobold brigands (D:8)
  A wyvern zombie (D:8)
  2 bullfrogs (D:7)
  A water moccasin skeleton (D:5)
  A howler monkey (D:8)
  3 hounds
  A bullfrog skeleton (D:6)
  A gnoll shaman (D:5)
  A centaur skeleton (D:5)
  An iguana (D:4)
  2 orc wizards
  A killer bee zombie (D:9)
  A hound skeleton (D:5)
  Robin (D:3)
  4 howler monkey skeletons
  2 adders (D:3)
  4 gnolls
  2 shadow imps (D:5)
  2 white imps (D:8)
  An ufetubus (D:4)
  2 worms
  2 dart slugs
  7 orcs
  9 ball pythons
  6 endoplasms
  2 giant cockroaches
  19 goblins
  6 hobgoblins
  7 jackals
  2 quokkas
  9 bats
  3 frilled lizards
  10 kobolds
  4 rats
132 creatures vanquished.

Vanquished Creatures (others)
  4 fungi (D:9)
  15 plants
19 creatures vanquished.

Grand Total: 151 creatures vanquished

Notes
Turn   | Place    | Note
-------+----------+-------------------------------------------
     0 | D:1      | Malachi the Gnoll Transmuter began the quest for the Orb.
     0 | D:1      | Reached XP level 1. HP: 17/17 MP: 6/6
   459 | D:1      | Reached XP level 2. HP: 22/23 MP: 7/7
   765 | D:1      | Found a faded altar of an unknown god.
   785 | D:1      | Got Sif Muna's Compendium of Classification
  1221 | D:1      | Reached XP level 3. HP: 24/28 MP: 9/9
  1498 | D:1      | Learned a level 3 spell: Spider Form
  1553 | D:2      | Reached skill level 5 in Spellcasting
  2681 | D:3      | Reached skill level 1 in Invocations
  2721 | D:3      | Noticed a black bear
  2735 | D:3      | Killed a black bear
  2736 | D:3      | Reached skill level 1 in Short Blades
  2736 | D:3      | Reached skill level 1 in Long Blades
  2736 | D:3      | Reached skill level 1 in Axes
  2736 | D:3      | Reached skill level 1 in Maces & Flails
  2736 | D:3      | Reached skill level 1 in Polearms
  2736 | D:3      | Reached skill level 1 in Staves
  2736 | D:3      | Reached skill level 1 in Slings
  2736 | D:3      | Reached skill level 1 in Bows
  2736 | D:3      | Reached skill level 1 in Crossbows
  2736 | D:3      | Reached skill level 1 in Throwing
  2736 | D:3      | Reached skill level 1 in Armour
  2736 | D:3      | Reached skill level 1 in Stealth
  2736 | D:3      | Reached skill level 1 in Shields
  2736 | D:3      | Reached skill level 1 in Conjurations
  2736 | D:3      | Reached skill level 1 in Hexes
  2736 | D:3      | Reached skill level 1 in Summonings
  2736 | D:3      | Reached skill level 1 in Necromancy
  2736 | D:3      | Reached skill level 1 in Translocations
  2736 | D:3      | Reached skill level 1 in Fire Magic
  2736 | D:3      | Reached skill level 1 in Ice Magic
  2736 | D:3      | Reached skill level 1 in Air Magic
  2736 | D:3      | Reached skill level 1 in Earth Magic
  2736 | D:3      | Reached skill level 1 in Poison Magic
  2736 | D:3      | Reached skill level 1 in Evocations
  2736 | D:3      | Reached XP level 4. HP: 29/34 MP: 8/11
  2736 | D:3      | Reached XP level 5. HP: 34/40 MP: 8/12
  3784 | D:3      | Noticed Robin
  3825 | D:3      | Killed Robin
  3864 | D:3      | Reached XP level 6. HP: 28/47 MP: 13/13
  4271 | D:4      | Reached skill level 5 in Dodging
  4644 | D:4      | Found a blossoming altar of Fedhas.
  4884 | D:4      | Found a glowing golden altar of the Shining One.
  4961 | D:5      | Entered Level 5 of the Dungeon
  5287 | D:5      | Reached XP level 7. HP: 20/52 MP: 13/15
  5489 | D:5      | Reached skill level 7 in Unarmed Combat
  5556 | D:5      | Found Puxkups's Jewellery Shoppe.
  6300 | D:5      | Found a staircase to the Ecumenical Temple.
  6310 | Temple   | Entered the Ecumenical Temple
  6461 | Temple   | Learned a level 4 spell: Ice Form
  6521 | Temple   | Became a worshipper of Warmaster Okawaru
  7019 | D:6      | Found a snail-covered altar of Cheibriados.
  7026 | D:6      | Found a sacrificial altar of Ru.
  7228 | D:7      | Noticed a steam dragon
  7243 | D:7      | Killed a steam dragon
  7244 | D:7      | Reached XP level 8. HP: 60/60 MP: 13/16
  7402 | D:7      | Learned a level 2 spell: Ensorcelled Hibernation
  8005 | D:7      | Found a transporter.
  8010 | D:7      | Noticed a two-headed ogre
  8014 | D:7      | Noticed an orc knight
  8133 | D:7      | Reached * piety under Okawaru
  8560 | D:8      | Found Quul's Distillery.
  9075 | D:8      | Noticed a wyvern
  9284 | D:8      | Killed a wyvern
  9303 | D:8      | Noticed a wyvern
  9324 | D:8      | Killed a wyvern
  9324 | D:8      | Reached ** piety under Okawaru
  9325 | D:8      | Reached skill level 5 in Transmutations
  9325 | D:8      | Reached XP level 9. HP: 66/66 MP: 18/18
  9707 | D:8      | Found a shimmering blue altar of Sif Muna.
 10756 | D:9      | Noticed a five-headed hydra
 10887 | D:9      | Noticed a boulder beetle
 10906 | D:9      | Slain by a boulder beetle

Illustrated notes

Levels and vault maps discovered:
D:1:      roderic_crop_circles_arrival_small, layout_basic,
          ebering_ecumenical_altar_sacrificial
D:2:      layout_loops_ring
D:3:      kennysheep_goblin_castle, layout_basic, st_stairs_2
D:4:      layout_cave_pools, nicolae_tso_carved_into_rock,
          mainiacjoe_overflow_brackets
D:5:      layout_loops_ring, temple_hall, serial_shops, nicolae_stop_n_shop_2,
          grunt_decor_mini_mirrors
D:6:      layout_basic, amethyst_overflow_temple_binary,
          kennysheep_generic_room_7
D:7:      gammafunk_beogh_shrine, layout_gridville
D:8:      layout_basic, nicolae_sif_muna_little_library, nicolae_stop_n_shop_2,
          nicolae_wwwww
D:9:      nzn_winding_woodlands_small [nzn_winding_woodlands_5x15_concentric,
          nzn_winding_woodlands_center_garden, nzn_winding_woodlands_5x15_eye],
          layout_cross, general_overflow_altar, dpeg_oklobed_lair,
          eino_tiny_chamber, kennysheep_generic_room_10
Temple:   nicolae_temple_elliptical

Skill      XL: |  1  2  3  4  5  6  7  8  9 |
---------------+----------------------------+-----
Spellcasting   | 5 6 |  6.5
Invocations    | 1 2 3 4 |  4.4
Short Blades   | 1 2 3 4 |  4.0
Long Blades    | 1 2 3 4 |  4.0
Axes           | 1 2 3 4 |  4.0
Maces & Flails | 1 2 3 4 |  4.0
Polearms       | 1 2 3 4 |  4.0
Staves         | 1 2 3 4 |  4.0
Slings         | 1 2 3 4 |  4.0
Bows           | 1 2 3 4 |  4.0
Crossbows      | 1 2 3 4 |  4.0
Throwing       | 1 2 3 4 |  4.0
Armour         | 1 2 3 4 |  4.0
Stealth        | 1 2 3 4 |  4.0
Shields        | 1 2 3 4 |  4.0
Conjurations   | 1 2 3 |  3.3
Hexes          | 1 2 3 |  3.3
Summonings     | 1 2 3 |  3.3
Necromancy     | 1 2 3 |  3.3
Translocations | 1 2 3 |  3.3
Fire Magic     | 1 2 3 |  3.3
Ice Magic      | 1 2 3 |  3.3
Air Magic      | 1 2 3 |  3.3
Earth Magic    | 1 2 3 |  3.3
Poison Magic   | 1 2 3 |  3.3
Evocations     | 1 2 3 4 |  4.0
Fighting       | 3 4 |  4.8
Transmutations | 4 5 |  5.1
Dodging        | 5 6 |  6.1
Unarmed Combat | 7 |  7.7

Action                   |  1- 3 |  4- 6 |  7- 9 || total
-------------------------+-------+-------+-------++-------
Melee: Dagger            |   153 |    77 |    28 ||   258
       Kick              |    17 |     6 |       ||    23
       Unarmed           |     6 |    91 |   167 ||   264
       Bite              |    10 |    10 |     5 ||    25
       Headbutt          |     8 |     1 |       ||     9
       Punch             |     3 |       |     2 ||     5
 Fire: Shortbow          |       |       |     7 ||     7
 Cast: Beastly Appendage |    21 |     8 |       ||    29
       Spider Form       |     1 |    18 |    24 ||    43
       Ice Form          |       |       |     7 ||     7
  Use: Scroll            |     4 |     3 |     7 ||    14
       Potion            |       |     1 |     1 ||     2
 Stab: Sleeping          |     1 |     6 |       ||     7
       Distracted        |       |     1 |       ||     1
Armor: Robe              |    33 |    21 |     1 ||    55
       Skin              |       |     3 |    30 ||    33
       Steam dragon scal |       |       |    14 ||    14
Dodge: Dodged            |   149 |   158 |   179 ||   486
